 Dungeon Crawl Stone Soup version 0.25.1-2-g60ff931df9 (webtiles) character file.

Game seed: 16081585602250964987

268 Asdor the Stinger (level 6, -5/55 HPs)
             Began as a Naga Venom Mage on Oct 16, 2020.
             Slain by a gnoll
             ... wielding a +0 halberd
              (8 damage)
             ... on level 2 of the Dungeon.
             The game lasted 00:13:30 (2300 turns).

Asdor the Stinger (Naga Venom Mage)                 Turns: 2300, Time: 00:13:31

Health: -5/55      AC:  5    Str: 11    XL:     6   Next: 21%
Magic:  2/9        EV: 10    Int: 16    God:
Gold:   69         SH:  0    Dex: 12    Spells: 1/9 levels left

rFire    . . .     SeeInvis +   i - +0 dagger
rCold    . . .     Gourm    .   (no shield)
rNeg     . . .     Faith    .   m - +2 robe
rPois    +         Spirit   .   (no helmet)
rElec    .         Reflect  .   e - scarf {repulsion}
rCorr    .         Harm     .   (no gloves)
MR       .....                  (no barding)
Stlth    +++.......             (no amulet)
HPRegen  0.18/turn              (no ring)
MPRegen  0.11/turn              (no ring)

@: repel missiles, very slow
A: large, see invisible, deformed body, poison resistance, slowness 2, slow
metabolism 1, spit poison 1, AC +2
a: Spit Poison


You were on level 2 of the Dungeon.
You were hungry.

You visited 1 branch of the dungeon, and saw 2 of its levels.

You collected 69 gold pieces.

Inventory:

Hand Weapons
 i - a +0 dagger (weapon)
Armour
 a - a +0 robe
 e - a scarf of repulsion (worn)
 m - a +2 robe (worn)
Scrolls
 n - a scroll of blinking {unknown}
Comestibles
 c - 3 rations


   Skills:
 + Level 2.4 Fighting
 + Level 2.0 Short Blades
 + Level 2.8 Dodging
 + Level 5.1 Stealth
 - Level 2.0 Spellcasting
 - Level 1.0 Transmutations
 + Level 5.4 Poison Magic


You had one spell level left.
You knew the following spells:

 Your Spells              Type           Power        Failure   Level  Hunger
a - Sting                 Tmut/Pois      ##..         5%          1    #......
b - Olgreb's Toxic Radia  Pois           ###.....     22%         4    #####..
c - Ignite Poison         Fire/Tmut/Pois #.......     26%         3    ###....

Your spell library contained the following spells:

 Spells                   Type           Power        Failure   Level  Hunger
 Poisonous Vapours        Pois/Air       ##....       11%         2    ###....
 Mephitic Cloud           Conj/Pois/Air  #.......     30%         3    ###....


Dungeon Overview and Level Annotations

Branches:
Dungeon (2/15)

Altars:


Innate Abilities, Weirdness & Mutations

You cannot wear boots.
Your serpentine skin is tough. (AC +2)
You have supernaturally acute eyesight. (SInv)
Armour fits poorly on your strangely shaped body.
Your system is resistant to poisons. (rPois)
You cover ground very slowly.
You have a slow metabolism.
You can spit poison.


Message History

The gnoll shaman is severely wounded.
The gnoll shaman closely misses you. The gnoll misses you.
Casting: Sting (safe; 5% risk of failure)
Confirm with . or Enter, or press ? or * to list all spells.
Aiming: Sting (safe; 5% risk of failure)
Press: ? - help, Shift-Dir - straight line, f/p - gnoll shaman
Aim: a gnoll shaman, wielding a +0 whip and wearing a +0 robe (almost dead, very poisoned)
The sting hits the gnoll shaman.
The gnoll shaman looks as sick as possible!
You kill the gnoll shaman!
Your Short Blades skill increases to level 2!
The gnoll hits you but does no damage.
The gnoll hits you from afar with a +0 halberd!
* * * LOW HITPOINT WARNING * * *
The gnoll hits you from afar with a +0 halberd!
* * * LOW HITPOINT WARNING * * *
As you read the scroll of fog, it crumbles to dust.
The scroll dissolves into smoke.
The gnoll hits you from afar with a +0 halberd!
You die...

# ##### ### #####...# ###..
##....)..###### #######.#.g
#..>..........# #...[.g....
#..###..####..# #.#####.##.
#..# #..# #.§# #.# #.... #..#
#..####§.####.########.
##..###...§§@§g...)......)...
#.......######§####.##.#####.
#...###### #.# #)##.# #.
#.......... ..# #.##.# ##
#)#..###### #### #.##.# #
#.##.# [.##.# # #.##.# ###...
# #.##.# .#. # #.##.# . . #


You could see a gnoll.

Vanquished Creatures
  Sigmund (D:2)
  A gnoll shaman (D:2)
  An adder (D:2)
  3 gnolls (D:2)
  An ooze (D:1)
  2 worms (D:2)
  3 dart slugs (D:1)
  A leopard gecko (D:1)
  5 bats
  A giant cockroach (D:2)
  2 goblins
  4 hobgoblins (D:1)
  2 kobolds (D:1)
  4 rats
31 creatures vanquished.

Notes
Turn   | Place    | Note
-------+----------+-------------------------------------------
     0 | D:1      | Asdor the Naga Venom Mage began the quest for the Orb.
     0 | D:1      | Reached XP level 1. HP: 15/15 MP: 3/3
   352 | D:1      | Reached XP level 2. HP: 24/24 MP: 1/5
   822 | D:1      | Reached skill level 1 in Fighting
   842 | D:1      | Reached XP level 3. HP: 31/31 MP: 1/6
  1781 | D:2      | Noticed Sigmund
  1819 | D:2      | Killed Sigmund
  1819 | D:2      | Reached skill level 1 in Short Blades
  1819 | D:2      | Reached skill level 5 in Poison Magic
  1819 | D:2      | Reached XP level 4. HP: 22/39 MP: 0/7
  1819 | D:2      | Reached XP level 5. HP: 26/45 MP: 0/8
  2209 | D:2      | Learned a level 4 spell: Olgreb's Toxic Radiance
  2213 | D:2      | Learned a level 3 spell: Ignite Poison
  2236 | D:2      | Reached skill level 5 in Stealth
  2241 | D:2      | Reached XP level 6. HP: 42/54 MP: 1/9
  2300 | D:2      | Slain by a gnoll

Illustrated notes

Levels and vault maps discovered:
D:1:      erik_arrival_blinker_ship, layout_basic, minmay_misc_feat_hallway,
          minmay_pentomino_z4
D:2:      layout_loops_ring, uniq_sigmund

Skill      XL: |  1  2  3  4  5  6 |
---------------+-------------------+-----
Fighting       | 1 2 |  2.4
Dodging        | 2 |  2.8
Short Blades   | 1 2 |  2.0
Stealth        | 4 5 |  5.1
Poison Magic   | 5 |  5.4
Spellcasting   | |  2.0
Transmutations | |  1.0

Action                   |  1- 3 |  4- 6 || total
-------------------------+-------+-------++-------
Melee: Unarmed           |    37 |       ||    37
       Dagger            |    27 |    18 ||    45
 Cast: Sting             |    34 |    13 ||    47
       Olgreb's Toxic Ra |       |     1 ||     1
 Abil: Spit Poison       |     1 |       ||     1
  Use: Potion            |     2 |       ||     2
       Scroll            |       |     6 ||     6
 Stab: Sleeping          |     4 |       ||     4
  Eat: Chunk             |     2 |     1 ||     3
Armor: Robe              |    21 |     6 ||    27
       Skin              |    11 |       ||    11
Dodge: Dodged            |    38 |    18 ||    56
